 Dungeon Crawl Stone Soup version 0.27.1-3-gb3d3a73c9e (webtiles) character file.

Game seed: 15083664091378683577

1513 barney the Transmogrifier (level 8, 0/88 HPs)
             Began as a Pale Draconian Transmuter on Oct 6, 2021.
             Slain by a wyvern (10 damage)
             ... on level 6 of the Dungeon.
             The game lasted 00:07:08 (9081 turns).

barney the Transmogrifier (DrTm)                    Turns: 9081, Time: 00:07:10

Health: 0/88       AC:  2    Str: 13    XL:     8   Next: 53%
Magic:  8/11       EV: 19    Int: 16    God:
Gold:   205        SH:  0    Dex: 16    Spells: 2/11 levels left

rFire    . . .     SeeInvis .     - Unarmed
rCold    . . .     Faith    .   (shield currently unavailable)
rNeg     + + .     Spirit   .   (armour unavailable)
rPois    x         Reflect  .   (helmet currently unavailable)
rElec    .         Harm     .   (cloak currently unavailable)
rCorr    .         Rampage  .   (gloves currently unavailable)
Will     .....                  (boots currently unavailable)
Stlth    ..........             (no amulet)
HPRegen  0.24/turn              j - ring of positive energy
MPRegen  0.12/turn              o - ring of positive energy

@: berserking, spider-form, very quick
A: venomous fangs, (breathe steam), AC +6, tiny, unfitting armour,
(cold-blooded), (steam resistance)
a: End Transformation


You were on level 6 of the Dungeon.
You were a venomous arachnid creature.
You visited 1 branch of the dungeon, and saw 6 of its levels.

You collected 205 gold pieces.

Inventory:

Hand Weapons
 b - a +2 short sword of draining
 f - a +0 trident (melded)
Missiles
 a - 2 throwing nets
Armour
 r - a +0 pair of boots (melded)
Jewellery
 d - a ring of ice
 j - a ring of positive energy (left front leg)
 k - an amulet of guardian spirit
 o - a ring of positive energy (right front leg)
 q - a ring of protection from cold
Wands
 s - a wand of acid (11)
Scrolls
 e - 2 scrolls of identify
 g - 2 scrolls of teleportation
 i - 2 scrolls of fear {unknown}
 l - 2 scrolls of magic mapping {unknown}
 m - 2 scrolls of holy word {unknown}
 p - a scroll of immolation {unknown}
 t - 2 scrolls of fog {unknown}
 u - 4 scrolls of vulnerability {unknown}
 v - a scroll of torment {unknown}
Potions
 h - a potion of brilliance {unknown}
 n - a potion of invisibility
 w - a potion of haste {unknown}
 x - a potion of flight {unknown}


   Skills:
 - Level 1.1 Fighting
 - Level 1.7 Dodging
 - Level 3.0 Unarmed Combat
 - Level 2.0 Spellcasting
 + Level 10.8 Transmutations


You had 2 spell levels left.
You knew the following spells:

 Your Spells              Type           Power      Damage    Failure   Level
b - Spider Form           Tmut/Pois      9%         N/A       19%         3
c - Wereblood             Tmut           36%        N/A       3%          2
d - Ice Form              Ice/Tmut       18%        N/A       43%         4

Your spell library contained the following spells:

 Spells                   Type           Power      Damage    Failure   Level
 Beastly Appendage        Tmut           72%        N/A       2%          1
 Gell's Gravitas          Tloc           0%         N/A       73%         3
 Teleport Other           Tloc           1%         N/A       73%         3
 Dispersal                Tloc           0%         N/A       100%        6


Dungeon Overview and Level Annotations

Branches:
Dungeon (6/15)             Temple (0/1) D:6

Altars:
Dithmenos

Shops:
D:1 [


Innate Abilities, Weirdness & Mutations

You are a venomous arachnid creature.
You have poisonous fangs.
You are tiny and dextrous.
Your spellcasting is less reliable in this form.
Your armour is entirely melded.
You are incapable of wielding weapons or throwing items.
((You can breathe blasts of scalding, opaque steam.))
((Your pale cyan-grey scales are hard. (AC +6)))
You cannot fit into any form of body armour.
((You are cold-blooded and may be slowed by cold attacks.))
((You are immune to the effects of steam.))


Message History

Your +0 pair of boots unmelds from your body.
You start resting.
HP restored.
Things that are here:
a +0 robe; a +0 dagger; an orc skeleton
g - 2 scrolls of teleportation (gained 1)
A wyvern comes into view.
The wyvern hisses angrily.
Press: ? - help, Shift-Dir - straight line, f - wyvern
Aim: a wyvern You exhale a blast of scalding steam.
The ball of steam hits the wyvern.
The wyvern is moderately wounded.
The wyvern bites you!
The wyvern is engulfed in a cloud of scalding steam.
The wyvern closely misses you.
Casting: Spider Form (dangerous; 7% risk of failure)
Confirm with . or Enter, or press ? or * to list all spells.
You turn into a venomous arachnid creature.
Your +0 trident melds into your body.
Your +0 pair of boots melds into your body.
The wyvern is engulfed in a cloud of scalding steam.
The wyvern bites you!
You hit the wyvern.
The wyvern is almost dead.
The wyvern bites you. x2
You barely miss the wyvern.
The wyvern is almost dead.
The wyvern bites you!
* * * LOW HITPOINT WARNING * * *
You hit the wyvern but do no damage.
The wyvern is poisoned.
The wyvern is almost dead.
The wyvern closely misses you.
A red film seems to cover your vision as you go berserk!
You feel yourself moving faster!
You feel mighty!
You have got your breath back.
The wyvern hisses menacingly.
The wyvern bites you!
* * * LOW HITPOINT WARNING * * *
The wyvern bites you!
You die...

## ######## .# ###
#......####.#### ....
#.......§.......
.....#.)<.#.#§#.#.#..
.........[...........
..........#..l....#..
.....####....s..[....
#### #.#...>$..#..
#............
#.#.......#..
#...........[
#.#.#.#.#.#..
.............
.....#...#....


You could see a wyvern (very poisoned).

Vanquished Creatures
  A sky beast (D:5)
  2 black bears
  A necrophage (D:4)
  4 ogres
  2 centaurs (D:5)
  2 scorpions (D:5)
  A gnoll sergeant (D:5)
  A hound (D:5)
  A centaur zombie (D:5)
  A jelly (D:4)
  A bullfrog skeleton (D:4)
  2 orc wizards
  An iguana (D:4)
  A hound skeleton (D:5)
  5 gnolls (D:5)
  7 adders
  A howler monkey skeleton (D:4)
  2 white imps (D:5)
  An adder skeleton (D:5)
  4 worms
  A dart slug (D:3)
  14 orcs
  12 endoplasms
  4 giant cockroaches
  7 goblins
  3 hobgoblins
  4 jackals (D:3)
  8 kobolds
  6 quokkas
  5 ball pythons
  5 bats
  3 frilled lizards
  2 rats
115 creatures vanquished.

Notes
Turn   | Place    | Note
-------+----------+-------------------------------------------
     0 | D:1      | barney the Draconian Transmuter began the quest for the
                  | Orb.
     0 | D:1      | Reached XP level 1. HP: 16/16 MP: 3/3
    73 | D:1      | Found a faded altar of an unknown god.
   238 | D:1      | Found Cuesou's Antique Armour Boutique.
   460 | D:1      | Reached XP level 2. HP: 21/23 MP: 5/5
   785 | D:1      | Reached skill level 3 in Transmutations
  1186 | D:2      | Reached XP level 3. HP: 16/28 MP: 4/6
  1333 | D:2      | Learned a level 3 spell: Spider Form
  1336 | D:2      | Learned a level 2 spell: Wereblood
  1581 | D:2      | Reached skill level 4 in Transmutations
  2026 | D:3      | Reached XP level 4. HP: 35/35 MP: 5/7
  3532 | D:4      | Reached skill level 5 in Transmutations
  3532 | D:4      | Reached XP level 5. HP: 19/40 MP: 1/8
  5074 | D:4      | Reached skill level 6 in Transmutations
  5115 | D:4      | Found a shadowy altar of Dithmenos.
  5684 | D:4      | Noticed a necrophage
  5694 | D:4      | Killed a necrophage
  5695 | D:4      | Reached XP level 6. HP: 23/47 MP: 9/9
  6261 | D:5      | Entered Level 5 of the Dungeon
  6272 | D:5      | Reached skill level 7 in Transmutations
  6648 | D:5      | Your scales start taking on a pale cyan-grey colour.
  6648 | D:5      | Reached XP level 7. HP: 21/52 MP: 8/10
  6648 | D:5      | Gained mutation: You are immune to the effects of steam.
                  | [Pale Draconian growth]
  6784 | D:5      | Reached skill level 8 in Transmutations
  7104 | D:5      | Learned a level 4 spell: Ice Form
  7116 | D:5      | Reached skill level 9 in Transmutations
  7558 | D:5      | Reached XP level 8. HP: 52/59 MP: 1/11
  8026 | D:5      | Reached skill level 10 in Transmutations
  8399 | D:6      | Found a staircase to the Ecumenical Temple.
  9081 | D:6      | Slain by a wyvern

Illustrated notes

Levels and vault maps discovered:
D:1:      lemuel_arrival_funnel, layout_loops_ring,
          shapermc_ecumenical_altar_mp_vishouse, serial_rivers,
          chequers_serial_rivers_micro_e, chequers_serial_rivers_micro_a,
          chequers_serial_rivers_micro_b, chequers_serial_rivers_micro_e,
          chequers_serial_rivers_room_a, serial_shops, shop
D:2:      layout_rooms
D:3:      layout_basic
D:4:      minmay_diamond_boxcup, layout_cave_pools,
          lemuel_coloured_pillars_altar
D:5:      layout_basic
D:6:      layout_rooms, minmay_temple_entry_glass, palyth_stone_intersect,
          uniq_crazy_yiuf_cottage

Skill      XL: |  1  2  3  4  5  6  7  8 |
---------------+-------------------------+-----
Transmutations | 3 4 5 6 7 9 10 | 10.8
Fighting       | |  1.1
Dodging        | |  1.7
Unarmed Combat | |  3.0
Spellcasting   | |  2.0

Action                   |  1- 3 |  4- 6 |  7- 9 || total
-------------------------+-------+-------+-------++-------
Melee: Unarmed           |    52 |    81 |    75 ||   208
       Tailslap          |    10 |     9 |     1 ||    20
       Kick              |     8 |     3 |       ||    11
       Headbutt          |     5 |     2 |     1 ||     8
       Trident           |    44 |   112 |    14 ||   170
       Punch             |       |     1 |       ||     1
 Cast: Beastly Appendage |    12 |    12 |     1 ||    25
       Spider Form       |       |    13 |    11 ||    24
       Wereblood         |       |     1 |     2 ||     3
 Abil: Breathe Steam     |       |       |    11 ||    11
  Use: Potion            |       |     3 |     1 ||     4
       Scroll            |       |       |     4 ||     4
 Stab: Sleeping          |     2 |     3 |       ||     5
Armor: Skin              |    33 |    54 |    19 ||   106
Dodge: Dodged            |    75 |   175 |    88 ||   338
